 Dungeon Crawl Stone Soup version 0.31-a0-196-g86fe4a5e66 (webtiles) character file.

Game seed: 9967187070780762797

585 qw the Skirmisher (level 7, -10/40 HPs)
             Began as a Deep Elf Hunter on June 24, 2023.
             Mangled by a gnoll
             ... wielding a +0 halberd
              (13 damage)
             ... on level 5 of the Dungeon.
             The game lasted 00:01:13 (3457 turns).

qw the Skirmisher (Deep Elf Hunter)                 Turns: 3457, Time: 00:01:14

Health: -10/40     AC:  6    Str: 10    XL:     7   Next: 15%
Magic:  9/9        EV: 11    Int: 14    God:
Gold:   235        SH:  0    Dex: 18    Spells: 6/6 levels left

rFire   . . .        Y - +0 shortbow
rCold   . . .        (shield currently unavailable)
rNeg    . . .        g - +1 ring mail
rPois   +            (no helmet)
rElec   .            (no cloak)
rCorr   .            (no gloves)
SInv    .            (no boots)
Will    .....        (no amulet)
Stlth   +            b - ring of poison resistance
HPRegen 0.26/turn    l - +4 ring of slaying {mikee}
MPRegen 0.11/turn

%: no passive effects
@: about to teleport
A: no striking features
a: no special abilities


You were on level 5 of the Dungeon.
You visited 1 branch of the dungeon, and saw 5 of its levels.

You collected 235 gold pieces.


   Skills:
 - Level 2.3 Fighting
 + Level 10.7 Ranged Weapons
 - Level 3.1 Dodging
 - Level 1.2 Stealth


You had 6 spell levels left.
You didn't know any spells.
Your spell library was empty.

Inventory:

Hand Weapons
 Y - a +0 shortbow (weapon)
Armour
 g - a +1 ring mail (worn)
Jewellery
 b - a ring of poison resistance (left hand)
 l - a +4 ring of slaying (right hand) {mikee}
 m - a +4 ring of protection
Scrolls
 a - a scroll of identify
Potions
 c - 2 potions of heal wounds
 f - a potion of cancellation
 h - a potion of curing
 j - a potion of might {unknown}
 k - 2 potions of haste
 o - a potion of mutation {unknown}

Dungeon Overview and Level Annotations

Branches:
Dungeon (5/15)             Temple (0/1) D:5

Altars:
Ru
Trog
Zin


Message History

The gnoll closely misses you.
An orc priest comes into view. It is wielding a +0 flail.
You shoot an arrow. The orc priest shouts!
The arrow hits the scorpion.
The scorpion is heavily wounded.
The scorpion stings you. The orc hits you but does no damage.
The gnoll hits you from afar with a +0 halberd.
You shoot an arrow. The arrow hits the scorpion!
You kill the scorpion!
The gnoll misses you. The orc hits you but does no damage.
The gnoll hits you with a +0 whip.
You shoot an arrow. The arrow hits the gnoll!
The gnoll is heavily wounded.
The gnoll barely misses you. The orc hits you but does no damage.
The gnoll barely misses you.
An orc comes into view. It is wielding a +0 club.
You shoot an arrow. The orc shouts!
The arrow hits the gnoll!
You kill the gnoll!
The orc hits you but does no damage.
The gnoll hits you from afar with a +0 halberd.
The orc hits you with a +0 dagger.
You shoot an arrow. The arrow hits the orc.
The orc is almost dead.
The orc barely misses you.
The gnoll hits you from afar with a +0 halberd!
The orc barely misses you.
You shoot an arrow. The arrow hits the orc.
You kill the orc!
The orc priest hits you with a +0 flail!
The gnoll hits you from afar with a +0 halberd.
The orc hits you with a +0 dagger.
3457 ||| READING scroll of teleportation.
As you read the scroll of teleportation, it crumbles to dust.
You feel strangely unstable.
The orc priest hits you but does no damage.
The gnoll hits you from afar with a +0 halberd!
You die...

.......<.....
##..............%....#
###.......
............#
#.....#...
............#
#.¤¤¤.#..
...........##
#..¤¤.... ##........##
#..¤...g# ##.......#
#.....%.## ###....## #
.!##.o@.### ##
....o.o>...### ##.
##........!..### ##..
#......##......###
##... #..#...
####.....###.... #.
##.. ###........>. .
#.. ####....... ##.
###....# ###..#


You could see an orc priest, a gnoll and 2 orcs.

Vanquished Creatures
  A water moccasin (D:4)
  4 scorpions
  An orc priest (D:5)
  A sleepcap (D:4)
  An iguana (D:4)
  2 gnolls (D:5)
  5 adders
  4 worms
  2 dart slugs
  7 orcs
  11 endoplasms
  4 giant cockroaches
  3 goblins (D:1)
  4 hobgoblins
  8 jackals
  7 kobolds
  4 quokkas
  7 ball pythons
  A bat (D:3)
  3 frilled lizards
  4 rats
84 creatures vanquished.

Notes
Turn   | Place    | Note
-------+----------+-------------------------------------------
     0 | D:1      | qw the Deep Elf Hunter began the quest for the Orb.
     0 | D:1      | Reached XP level 1. HP: 12/12 MP: 3/3
     0 | D:1      | 0 ||| qw: Version: 0.3-a-9-g12657ce
     0 | D:1      | 0 ||| qw: Game counter: 4791
     0 | D:1      | 0 ||| qw: Always use a shield: true
     0 | D:1      | 0 ||| qw: God list: Okawaru
     0 | D:1      | 0 ||| qw: Allow faded altars: false
     0 | D:1      | 0 ||| qw: Do Orc after D:15 true
     0 | D:1      | 0 ||| qw: Do second Lair branch before Depths: true
     0 | D:1      | 0 ||| qw: Lair rune preference: random
     0 | D:1      | 0 ||| qw: Plans: Normal
     0 | D:1      | 0 ||| PLANNING D:1-11
   116 | D:1      | Reached XP level 2. HP: 16/16 MP: 4/4
   125 | D:1      | Reached skill level 6 in Ranged Weapons
   533 | D:1      | 533 ||| UPGRADING to +0 ring mail.
   543 | D:1      | 543 ||| DROPPING +0 leather armour.
   544 | D:1      | 544 ||| READING 2 scrolls labelled QOURHY DAHUVE.
   545 | D:1      | 545 ||| READING 2 scrolls labelled ITEISH EFEPHOE.
   548 | D:1      | 548 ||| READING scroll labelled TOACIPHAME.
   549 | D:1      | 549 ||| DROPPING scroll of butterflies.
   559 | D:2      | 559 ||| STAIRDANCE
   675 | D:2      | Reached XP level 3. HP: 20/20 MP: 5/5
   760 | D:2      | Reached skill level 7 in Ranged Weapons
  1277 | D:2      | 1277 ||| READING scroll labelled SYOSKATINK.
  1278 | D:2      | 1278 ||| DRINKING 3 orange potions.
  1279 | D:2      | 1279 ||| DRINKING 2 sapphire potions.
  1280 | D:2      | 1280 ||| READING 2 scrolls of identify.
  1280 | D:2      | 1280 ||| IDENTIFYING fuming blue potion
  1281 | D:2      | 1281 ||| DROPPING potion of magic.
  1549 | D:3      | 1549 ||| READING scroll of enchant armour.
  1549 | D:3      | 1549 ||| ENCHANTING +0 ring mail.
  1684 | D:3      | Reached XP level 4. HP: 25/25 MP: 6/6
  2216 | D:3      | 2216 ||| UPGRADING to +4 ring of protection.
  2217 | D:3      | 2217 ||| UPGRADING to +4 ring of slaying {mikee}.
  2218 | D:3      | 2218 ||| READING scroll labelled EBAVVAR AFO.
  2219 | D:3      | 2219 ||| READING scroll labelled WAFAED HIEPSA.
  2220 | D:3      | 2220 ||| READING scroll labelled AMIATZU VUICK.
  2221 | D:3      | 2221 ||| READING 2 scrolls of identify.
  2221 | D:3      | 2221 ||| IDENTIFYING lumpy white potion
  2222 | D:3      | 2222 ||| DROPPING potion of degeneration.
  2356 | D:4      | Reached skill level 8 in Ranged Weapons
  2461 | D:4      | Found a glowing silver altar of Zin.
  2481 | D:4      | Reached XP level 5. HP: 29/29 MP: 7/7
  2529 | D:4      | Noticed a water moccasin
  2546 | D:4      | Killed a water moccasin
  2547 | D:4      | Reached skill level 9 in Ranged Weapons
  2547 | D:4      | Reached XP level 6. HP: 14/34 MP: 8/8
  2549 | D:4      | HP: 8/34 [poisoned by a water moccasin]
  2554 | D:4      | HP: 3/34 [poisoned by a water moccasin]
  2706 | D:4      | Found a bloodstained altar of Trog.
  2772 | D:4      | Found a sacrificial altar of Ru.
  3249 | D:4      | 3249 ||| UPGRADING to ring of poison resistance.
  3251 | D:4      | 3251 ||| READING scroll labelled GUKAOSK KEOTI.
  3252 | D:4      | 3252 ||| DRINKING 3 bubbling inky potions.
  3253 | D:4      | 3253 ||| DRINKING 2 silvery potions.
  3269 | D:4      | 3269 ||| DROPPING potion of ambrosia.
  3304 | D:5      | Entered Level 5 of the Dungeon
  3308 | D:5      | Reached skill level 10 in Ranged Weapons
  3372 | D:5      | Reached skill level 3 in Dodging
  3434 | D:5      | Found a staircase to the Ecumenical Temple.
  3435 | D:5      | 3435 ||| PLANNING TEMPLE
  3435 | D:5      | 3435 ||| DRINKING 2 clear potions.
  3436 | D:5      | 3436 ||| READING 2 scrolls of identify.
  3436 | D:5      | 3436 ||| IDENTIFYING green potion
  3437 | D:5      | 3437 ||| DROPPING potion of invisibility.
  3450 | D:5      | Reached XP level 7. HP: 37/40 MP: 9/9
  3456 | D:5      | HP: 6/40 [orc priest/+0 flail (8)]
  3457 | D:5      | 3457 ||| READING scroll of teleportation.
  3457 | D:5      | Mangled by a gnoll

Levels and vault maps discovered:
D:1:      lightli_arrival_isolated_outpost, layout_basic,
          chequers_serial_rivers_micro_e
D:2:      layout_basic, minmay_misc_feat_five
D:3:      layout_basic, minmay_fractal_squares_5
D:4:      layout_basic, lemuel_crystal_altar, zin_statuary,
          mainiacjoe_overflow_surrounded_room
D:5:      layout_cave_pods, minmay_temple_entry_purple_smoke,
          nicolae_stop_n_shop_2, minmay_misc_feat_more_columns,
          minmay_misc_feat_diagonals, uniq_edmund, uniq_crazy_yiuf_cottage,
          uniq_ijyb

Skill      XL: |  1  2  3  4  5  6 |
---------------+-------------------+-----
Ranged Weapons | 6 7 8 9 10 | 10.7
Fighting       | 2 |  2.3
Dodging        | 3 |  3.1
Stealth        | |  1.2

Action                     |  1- 3 |  4- 6 |  7- 9 || total
---------------------------+-------+-------+-------++-------
   Fire: Shortbow          |   123 |   122 |     7 ||   252
    Use: Scroll            |     6 |     6 |     1 ||    13
         Potion            |     2 |     3 |       ||     5
 Armour: Ring mail         |    12 |    15 |     5 ||    32
  Dodge: Dodged            |    13 |    38 |     6 ||    57

Table legend:
 A = Non-vault XP
 B = Vault XP
 C = Vault XP percentage of total XP
 D = Non-vault monster count
 E = Vault monster count
 F = Vault count percentage of total count
                 A         B        C        D         E       F
            +---------+---------+-------+---------+---------+-------
      Total |     823 |      14 |   1.7 |      78 |       6 |   7.1
            +---------+---------+-------+---------+---------+-------
        D:1 |      31 |       0 |   0.0 |      17 |       0 |   0.0
        D:2 |      43 |       0 |   0.0 |      16 |       0 |   0.0
        D:3 |      19 |      14 |  42.4 |       9 |       6 |  40.0
        D:4 |     373 |       0 |   0.0 |      25 |       0 |   0.0
        D:5 |     357 |       0 |   0.0 |      11 |       0 |   0.0
            +---------+---------+-------+---------+---------+-------
